 Dungeon Crawl Stone Soup version 0.18-a0-822-gb52b7b4 (webtiles) character file.

35 Raultor the Insei (level 3, 0/31 HPs)
             Began as a Draconian Monk on Dec 16, 2015.
             Slain by a rat (2 damage)
             ... on level 3 of the Dungeon.
             The game lasted 00:02:33 (1096 turns).

Raultor the Insei (Draconian Monk)                  Turns: 1096, Time: 00:02:33

Health: 0/31       AC:  6    Str: 13    XL:     3   Next: 16%
Magic:  3/3        EV: 13    Int: 10    God:
Gold:   66         SH:  0    Dex: 14    Spells: 0 memorised, 2 levels left

rFire  . . .     SeeInvis .       - Unarmed
rCold  . . .     Gourm    .     (armour unavailable)
rNeg   . . .     Faith    .     (no shield)
rPois  .         Spirit   .     (helmet restricted)
rElec  .         Dismiss  .     j - +0 cloak
rCorr  .         Reflect  .     (no gloves)
SustAt .         Harm     .     (no boots)
MR     .....                    (no amulet)
Stlth  ++........               (no ring)
                                (no ring)

@: not resistant to hostile enchantments, unstealthy
A: unfitting armour, cold-blooded, AC +5
a: no special abilities


You were on level 3 of the Dungeon.
You were hungry.

You visited 1 branch of the dungeon, and saw 3 of its levels.

You collected 66 gold pieces.

Inventory:

Armour
 j - a +0 cloak (worn)
   (You found it on level 1 of the Dungeon)
Scrolls
 b - a scroll of noise {unknown}
 d - a scroll of blinking {unknown}
 i - a scroll of enchant armour {unknown}
 k - a scroll of teleportation {unknown}
 l - a scroll of fog {unknown}
Potions
 c - 2 potions of ambrosia {unknown}
 e - 2 potions of haste {unknown}
 f - a potion of lignification {unknown}
 g - a potion of resistance {unknown}
Comestibles
 a - a bread ration {@e1}
 h - 3 chunks of flesh {@w0}


   Skills:
 + Level 3.6 Fighting
 + Level 3.1 Dodging
 - Level 1.7 Stealth
 * Level 4.5 Unarmed Combat


You had 2 spell levels left.
You didn't know any spells.

Dungeon Overview and Level Annotations

Branches:
Dungeon (3/15)

Altars:

Annotations:
D:2 Robin


Innate Abilities, Weirdness & Mutations

Your plain brown scales are hard (AC +5).
Your body does not fit into most forms of armour.
You are cold-blooded and may be slowed by cold attacks.


Message History

A goblin comes into view.
The goblin shouts! x2
The goblin moves out of view.
The goblin hits you but does no damage.
You barely miss the goblin.
The hobgoblin shouts!
A hobgoblin comes into view. It is wielding a club.
The goblin shouts!
The hobgoblin shouts!
You punch the goblin!
You kill the goblin!
You have reached level 3!
Your experience leads to an increase in your attributes!
Increase (S)trength, (I)ntelligence, or (D)exterity?
You feel agile.
Your scales feel tougher.
Robin of the Strong Arm comes into view.
She is wielding a dagger.
Health restored: 31; MP restored: 3 Robin moves out of view.
A hobgoblin comes into view. It is wielding a club.
Robin shouts!
Robin roars a battlecry!
The goblins go into a battle-frenzy!
You hit the goblin.
You kill the goblin!
Robin roars a battlecry!
The goblin goes into a battle-frenzy!
You closely miss the goblin. Robin throws the goblin at you!
The goblin hits you but does no damage.
You closely miss the goblin. The goblin hits you.
The goblin completely misses you.
A goblin comes into view.
You take 1 damage, and have 30/31 hp.
You closely miss the goblin.
The goblin shouts!
The goblin hits you but does no damage. The goblin misses you.
You barely miss the goblin. The goblin barely misses you.
The hobgoblin shouts!
You punch the goblin!
You kill the goblin!
The goblin hits you but does no damage. Robin throws the goblin at you!
You barely miss the goblin. Robin throws the goblin at you!
The goblin hits you with a club. The hobgoblin misses you.
The hobgoblin barely misses you.
You take 1 damage, and have 29/31 hp.
You closely miss the goblin. The goblin closely misses you.
The goblin hits you with a club. The hobgoblin hits you with a club.
The hobgoblin completely misses you.
A goblin and a hobgoblin come into view.
You take 10 damage, and have 19/31 hp.
MASSIVE DAMAGE!!
The hobgoblin shouts!
The goblin shouts!
You hit the goblin. The goblin barely misses you.
Robin says, "Bow before me, strongest of all the hobgoblins!"
The goblin hits you but does no damage.
The hobgoblin hits you but does no damage. x2
You closely miss the goblin. The goblin hits you.
The goblin completely misses you. The hobgoblin barely misses you.
You take 5 damage, and have 14/31 hp.
You closely miss the goblin.
The hobgoblin hits you but does no damage.
The goblin closely misses you.
You closely miss the goblin. You tail-slap the goblin.
You kill the goblin!
The goblin misses you. The hobgoblin barely misses you.
The hobgoblin misses you.
Robin flexes a bicep menacingly.
The goblin closely misses you. The hobgoblin hits you with a club.
Robin throws the goblin at you!
You take 1 damage, and have 13/31 hp.
You hit the goblin.
You kill the goblin!
The goblin hits you with a club.
* * * LOW HITPOINT WARNING * * *
The hobgoblin closely misses you.
You take 4 damage, and have 9/31 hp.
You closely miss the hobgoblin.
You tail-slap the hobgoblin, but do no damage.
The goblin hits you with a club.
* * * LOW HITPOINT WARNING * * *
The hobgoblin closely misses you.
The hobgoblin hits you but does no damage.
You take 3 damage, and have 6/31 hp.
You hit the hobgoblin. You tail-slap the hobgoblin.
You kill the hobgoblin!
The rat barely misses you. The goblin barely misses you.
The hobgoblin hits you but does no damage.
Robin roars a battlecry!
The hobgoblins go into a battle-frenzy!
The rat closely misses you. The goblin hits you with a club.
* * * LOW HITPOINT WARNING * * *
Things that are here:
a club; a hobgoblin corpse You take 4 damage, and have 2/31 hp.
Robin roars a battlecry!
The goblins go into a battle-frenzy!
There is a stone staircase leading down here.
The rat closely misses you.
You climb downwards.
There is a stone staircase leading up here.
You barely miss the rat. The rat misses you.
You barely miss the rat. The rat bites you.
You die...

###
#@#
#r#
#.#
#.#
#.#
#.#
#.#
#.#


You could see a rat.

Vanquished Creatures
  A giant gecko (D:1)
  A giant cockroach (D:1)
  9 goblins
  5 hobgoblins
  3 jackals (D:1)
  6 kobolds
  2 bats
  A giant newt (D:1)
  4 rats (D:1)
32 creatures vanquished.

Notes
Turn   | Place    | Note
--------------------------------------------------------------
     0 | D:1      | Raultor the Draconian Monk began the quest for the Orb.
     0 | D:1      | Reached XP level 1. HP: 19/19 MP: 1/1
   247 | D:1      | Reached XP level 2. HP: 19/26 MP: 2/2
   288 | D:1      | Reached skill level 3 in Dodging
  1061 | D:2      | Reached XP level 3. HP: 31/31 MP: 3/3
  1062 | D:2      | Noticed Robin
  1085 | D:2      | HP: 6/31 [goblin/club[Robin] (3)]
  1087 | D:2      | HP: 2/31 [goblin/club[Robin] (5)]
  1096 | D:3      | Slain by a rat

Vault maps used:
D:1:      roderic_octagonal_star
D:2:      uniq_robin
D:3:      ecumenical_altar_1, first_bread, minmay_misc_feat_nine_boxes,
          due_unseen_surprise

Action                   || total
-------------------------++-------
Melee: Unarmed           ||   102
 Stab: Sleeping          ||     5

Vault maps used:
D:1:      roderic_octagonal_star
D:2:      uniq_robin
D:3:      ecumenical_altar_1, first_bread, minmay_misc_feat_nine_boxes,
          due_unseen_surprise

Table legend:
 A = Turns spent in this place as a percentage of turns spent in the entire game.
 B = Non-inter-level travel turns spent in this place as a percentage of non-inter-level travel turns spent in the entire game.
 C = Inter-level travel turns spent in this place as a percentage of turns spent in this place.
 D = Turns resting spent in this place as a percentage of non-inter-level travel turns spent in this place.
 E = Turns spent auto-exploring this place as a percentage of non-inter-level travel turns spent in this place.
 F = Non-inter-level travel turns spent in this place divided by the number of levels of this place that you've seen.
                   A       B       C       D       E      F
               +-------+-------+-------+-------+-------+----------------------
         Total | 100.0 | 100.0 |   0.4 |   0.8 |  12.4 |  88.7
       Dungeon | 100.0 | 100.0 |   0.4 |   0.8 |  12.4 |  88.7
               +-------+-------+-------+-------+-------+----------------------

Table legend:
 A = Kills in this place as a percentage of kills in entire the game.
 B = Kills by you in this place as a percentage of kills by you in the entire game.
 C = Kills by friends in this place as a percentage of kills by friends in the entire game.
 D = Other kills in this place as a percentage of other kills in the entire game.
 E = Experience gained in this place as a percentage of experience gained in the entire game.
 F = Experience gained in this place divided by the number of levels of this place that you have seen.
                   A       B       C       D       E      F
               +-------+-------+-------+-------+-------+----------------------
         Total | 100.0 | 100.0 |  -nan |  -nan | 100.0 |  16.7
       Dungeon | 100.0 | 100.0 |  -nan |  -nan | 100.0 |  16.7
               +-------+-------+-------+-------+-------+----------------------
